 Dungeon Crawl Stone Soup version 0.29.0-4-gdea44cf6ec (webtiles) character file.

Game seed: 4091479001679173994

2662 qw the Cleaver (level 9, -5/49 (52) HPs)
             Began as a Tengu Warper on Aug 28, 2022.
             Was an Initiate of Okawaru.
             Slain by a wight
             ... wielding a +4 halberd of freezing
              (6 damage)
             ... on level 7 of the Dungeon.
             The game lasted 00:00:47 (8571 turns).

qw the Cleaver (Tengu Warper)                       Turns: 8571, Time: 00:00:48

HP:   -5/49 (52)    AC: 11    Str: 21    XL:     9   Next: 63%
MP:   13/13         EV:  8    Int: 13    God:    Okawaru [......]
Gold: 313           SH:  5    Dex: 15    Spells: 12/12 levels left

rFire   . . .      SeeInvis +   Y - +1 hand axe (vorpal)
rCold   . . .      Faith    .   e - +0 buckler
rNeg    . . .      Spirit   .   n - +0 plate armour
rPois   .          Reflect  .   (helmet restricted)
rElec   .          Harm     .   (no cloak)
rCorr   .          Rampage  .   (no gloves)
Will    .....                   (boots unavailable)
Stlth   ..........              r - amulet of regeneration
HPRegen 0.96/turn               b - +6 ring of strength
MPRegen 0.13/turn               k - ring of see invisible

@: flying quickly and evasively, drained, quick
A: beak, talons 3, nimble flight
a: Renounce Religion


You were on level 7 of the Dungeon.
You worshipped Okawaru.
Okawaru was noncommittal.
You visited 2 branches of the dungeon, and saw 8 of its levels.
You also visited: Ossuary.

You collected 313 gold pieces.


Innate Abilities, Weirdness & Mutations

You have a beak for a mouth.
You have claws for feet.
Your magical nature lets you fly swiftly and evasively.


   Skills:
 - Level 4.7 Fighting
 - Level 11.6 Axes
 - Level 1.0 Throwing
 - Level 4.0 Armour
 - Level 4.5 Dodging
 + Level 2.7 Shields
 - Level 2.0 Spellcasting
 - Level 2.4 Translocations


You had 12 spell levels left.
You didn't know any spells.
Your spell library contained the following spells:

 Spells                   Type           Power      Damage    Failure   Level
 Blink                    Tloc           14%        N/A       99%         2
 Gell's Gravitas          Tloc           7%         N/A       100%        3
 Lesser Beckoning         Tloc           7%         N/A       100%        3
 Teleport Other           Tloc           7%         N/A       100%        3
 Manifold Assault         Tloc           7%         N/A       100%        5

Inventory:

Hand Weapons
 h - a +0 flail
 Y - a +1 vorpal hand axe (weapon)
Missiles
 j - 2 boomerangs (quivered)
Armour
 e - a +0 buckler (worn)
 n - a +0 plate armour (worn)
Jewellery
 b - a +6 ring of strength (left hand)
 c - a ring of positive energy
 d - a ring of fire
 k - a ring of see invisible (right hand)
 p - a ring of ice
 r - an amulet of regeneration (around neck)
Scrolls
 l - a scroll of identify
Potions
 a - a potion of mutation {unknown}
 f - 4 potions of curing
 g - 2 potions of might
 i - a potion of cancellation
 m - a potion of attraction {unknown}

Dungeon Overview and Level Annotations

Branches:
Dungeon (7/15)             Temple (1/1) D:7         Ossuary (visited)

Altars:
Ashenzari
Cheibriados
Dithmenos
Elyvilon
Fedhas
Hepliaklqana
Kikubaaqudgha
Makhleb
Okawaru
Ru
Sif Muna
Trog
Uskayaw
Wu Jian
Xom
Yredelemnul
Zin
The Shining One

Shops:
D:2 (

Annotations:
D:6 1 runed translucent door, qw's ghost, novice TeWr


Message History

Found the Book of Blight.
The wight completely misses you.
There is a large open door here.
The wight hits you with a +4 halberd of freezing.
The wight freezes you.
You barely miss the wight. You claw the wight, but do no damage.
You peck the wight, but do no damage. You hit the steam dragon.
You barely miss the steam dragon. Your kick misses the steam dragon.
Your peck misses the steam dragon.
The steam dragon is lightly wounded.
You barely miss the wight. The steam dragon breathes steam at you.
The ball of steam hits you.
You hit the steam dragon but do no damage.
You claw the steam dragon, but do no damage.
The steam dragon is lightly wounded.
You hit the wight but do no damage. x2
You are engulfed in a cloud of scalding steam.
The wight hits you with a +4 halberd of freezing.
You feel drained. The wight freezes you. You block the wight's attack.
The steam dragon bites you. The steam dragon claws you.
You hit the steam dragon. You claw the steam dragon.
The steam dragon is moderately wounded.
You hit the wight but do no damage. You hit the wight.
You are engulfed in a cloud of scalding steam.
The wight hits you but does no damage.
The steam dragon bites you but does no damage.
The steam dragon claws you. The wight hits you with a +0 battleaxe!
You closely miss the steam dragon. You claw the steam dragon.
The steam dragon is moderately wounded.
You barely miss the wight. You completely miss the wight.
You are engulfed in a cloud of scalding steam.
You hit the steam dragon. You claw the steam dragon.
The steam dragon is heavily wounded.
You barely miss the wight. You hit the wight but do no damage.
You are engulfed in a cloud of scalding steam.
The wight is engulfed in a cloud of scalding steam.
The wight hits you with a +0 battleaxe!
You feel drained.
The wight hits you with a +4 halberd of freezing.
You die...

#.....## #.....# ....
# ##.....#.##..##.#
#....###.#~..~#.#
#....# ...)....#
#....# ...!...
####....### ~..~# #
#..###....#.##zD##.#
#..<.#....#...@z...#
#....#....####'ยค####
#....%....#.......+
#....#....#.......#
#..###....#..###..#
###..#......#..###..#
.....#......#....#..#
.....#......#..).#..+
.....#[.....#>...# :#


You could see a steam dragon (catching breath) and 2 wights.

Vanquished Creatures
  A two-headed ogre (D:6)
  An unseen horror (D:6)
  Grinder (D:6)
  A wyvern (D:7)
  A wraith (Ossuary)
  An ice beast (D:6)
  An orc warrior (D:7)
  A black bear (D:6)
  An ogre (D:6)
  A centaur (D:6)
  A phantom (D:5)
  A bullfrog (D:7)
  A necrophage (D:5)
  3 scorpions (D:5)
  2 hounds (D:5)
  An orc priest (D:7)
  A jelly (D:5)
  Terence (D:2)
  3 iguanas
  2 orc wizards (D:7)
  3 mummies (Ossuary)
  4 adders
  3 shadow imps
  2 ufetubi
  2 worms
  4 dart slugs
  13 orcs
  5 endoplasms
  A giant cockroach (D:2)
  A gnoll zombie (Ossuary)
  11 goblins
  14 hobgoblins
  3 jackals (D:4)
  4 quokkas
  9 ball pythons
  7 bats
  4 frilled lizards
  3 goblin zombies (Ossuary)
  3 hobgoblin zombies (Ossuary)
  7 kobolds
  3 kobold zombies (Ossuary)
  An orc zombie (Ossuary)
  6 rats
139 creatures vanquished.

Notes
Turn   | Place    | Note
-------+----------+-------------------------------------------
     0 | D:1      | qw the Tengu Warper began the quest for the Orb.
     0 | D:1      | Reached XP level 1. HP: 12/12 MP: 4/4
     0 | D:1      | 0 ||| qw: Version: 0.1-a-89-g26bdef1
     0 | D:1      | 0 ||| qw: Game counter: 1379
     0 | D:1      | 0 ||| qw: Always use a shield: true
     0 | D:1      | 0 ||| qw: God list: Okawaru
     0 | D:1      | 0 ||| qw: Allow faded altars: false
     0 | D:1      | 0 ||| qw: Do Orc after D:15 true
     0 | D:1      | 0 ||| qw: Do second Lair branch before Depths: true
     0 | D:1      | 0 ||| qw: Lair rune preference: random
     0 | D:1      | 0 ||| qw: Plans: Normal
     0 | D:1      | 0 ||| PLANNING D:1-11
    99 | D:1      | 99 ||| Stepping ~*~*~tactically~*~*~ (stealth).
   101 | D:1      | 101 ||| Stepping ~*~*~tactically~*~*~ (stealth).
   192 | D:1      | 192 ||| Stepping ~*~*~tactically~*~*~ (stealth).
   194 | D:1      | 194 ||| Stepping ~*~*~tactically~*~*~ (stealth).
   315 | D:1      | Reached XP level 2. HP: 17/17 MP: 6/6
   323 | D:1      | Reached skill level 3 in Axes
   353 | D:1      | 353 ||| Stepping ~*~*~tactically~*~*~ (stealth).
   367 | D:1      | 367 ||| Stepping ~*~*~tactically~*~*~ (stealth).
   462 | D:1      | 462 ||| Stepping ~*~*~tactically~*~*~ (stealth).
   479 | D:1      | 479 ||| Stepping ~*~*~tactically~*~*~ (hiding).
   481 | D:1      | 481 ||| Stepping ~*~*~tactically~*~*~ (hiding).
   494 | D:1      | 494 ||| Stepping ~*~*~tactically~*~*~ (stealth).
   636 | D:1      | 636 ||| DROPPING +0 club.
   744 | D:1      | 744 ||| Stepping ~*~*~tactically~*~*~ (stealth).
   745 | D:1      | 745 ||| Stepping ~*~*~tactically~*~*~ (stealth).
   746 | D:1      | 746 ||| Stepping ~*~*~tactically~*~*~ (stealth).
   747 | D:1      | 747 ||| Stepping ~*~*~tactically~*~*~ (stealth).
   750 | D:1      | 750 ||| Stepping ~*~*~tactically~*~*~ (stealth).
   777 | D:1      | Reached XP level 3. HP: 15/21 MP: 7/7
  1301 | D:1      | 1301 ||| Stepping ~*~*~tactically~*~*~ (hiding).
  1403 | D:1      | 1403 ||| Stepping ~*~*~tactically~*~*~ (hiding).
  1411 | D:1      | Reached skill level 4 in Axes
  1627 | D:1      | 1627 ||| UPGRADING to +0 ring mail.
  1637 | D:1      | 1637 ||| DROPPING +0 leather armour.
  1638 | D:1      | 1638 ||| DROPPING scarf of invisibility.
  1639 | D:1      | 1639 ||| READING scroll labelled ZUSUAN YHEKYR.
  1759 | D:1      | 1759 ||| READING scroll labelled GIPRIW LUXTAOWN.
  1760 | D:1      | 1760 ||| READING scroll labelled JEMNUBA ZASE.
  1761 | D:1      | 1761 ||| READING scroll labelled APIERO ETOY.
  1764 | D:1      | 1764 ||| READING scroll labelled ZUM CATOUDEEJI.
  1765 | D:1      | 1765 ||| DROPPING scroll of blinking.
  1789 | D:2      | Noticed Terence
  1798 | D:2      | Killed Terence
  1799 | D:2      | Reached XP level 4. HP: 19/26 MP: 8/8
  2047 | D:2      | Reached skill level 5 in Axes
  2049 | D:2      | 2049 ||| Stepping ~*~*~tactically~*~*~ (stealth).
  2050 | D:2      | 2050 ||| Stepping ~*~*~tactically~*~*~ (stealth).
  2051 | D:2      | 2051 ||| Stepping ~*~*~tactically~*~*~ (stealth).
  2372 | D:2      | 2372 ||| FLEEEEING.
  2373 | D:2      | 2373 ||| FLEEEEING.
  2374 | D:2      | 2374 ||| FLEEEEING.
  2374 | D:2      | Found Fynyas's Weapon Shop.
  2375 | D:2      | 2375 ||| FLEEEEING.
  2376 | D:2      | 2376 ||| FLEEEEING.
  2377 | D:2      | 2377 ||| FLEEEEING.
  2378 | D:2      | 2378 ||| STAIRDANCE
  2450 | D:1      | 2450 ||| UPGRADING to +0 scale mail.
  2460 | D:1      | 2460 ||| DROPPING +0 ring mail.
  2461 | D:1      | 2461 ||| READING scroll labelled BORANOY VAINTUTU.
  2464 | D:2      | 2464 ||| STAIRDANCE
  2589 | D:2      | 2589 ||| STAIRDANCE
  2705 | D:2      | 2705 ||| SHOPLISTING +2 flail of holy wrath (237 gold, have
                  | 55).
  2873 | D:2      | 2873 ||| READING scroll labelled TUIBAPR ALIF.
  2873 | D:2      | Identified a scroll of acquirement
  2873 | D:2      | 2873 ||| ACQUIRING +6 ring of strength
  2873 | D:2      | Acquired a +6 ring of strength
  2875 | D:2      | 2875 ||| UPGRADING to +6 ring of strength.
  3144 | D:3      | Gained mutation: Your magical nature lets you fly swiftly
                  | and evasively. [Tengu growth]
  3144 | D:3      | Reached XP level 5. HP: 30/30 MP: 9/9
  3160 | D:3      | 3160 ||| Stepping ~*~*~tactically~*~*~ (stealth).
  3364 | D:3      | Found a faded altar of an unknown god.
  3493 | D:3      | 3493 ||| DROPPING +6 ring of intelligence.
  3494 | D:3      | 3494 ||| UPGRADING to ring of see invisible.
  3495 | D:3      | 3495 ||| READING scroll labelled KAHECIA EWNUHO.
  3516 | D:4      | 3516 ||| PLANNING OSSUARY
  3538 | D:4      | 3538 ||| FLEEEEING.
  3539 | D:4      | 3539 ||| FLEEEEING.
  3540 | D:4      | 3540 ||| FLEEEEING.
  3541 | D:4      | 3541 ||| FLEEEEING.
  3542 | D:4      | 3542 ||| FLEEEEING.
  3543 | D:4      | 3543 ||| FLEEEEING.
  3544 | D:4      | 3544 ||| FLEEEEING.
  3545 | D:4      | 3545 ||| STAIRDANCE
  3586 | D:3      | 3586 ||| READING 2 scrolls of identify.
  3586 | D:3      | 3586 ||| IDENTIFYING clear potion
  3672 | D:4      | Found a white marble altar of Elyvilon.
  3678 | D:4      | Found a glowing silver altar of Zin.
  3797 | D:4      | Reached skill level 6 in Axes
  3876 | D:4      | 3876 ||| Stepping ~*~*~tactically~*~*~ (stealth).
  3922 | D:4      | 3922 ||| Stepping ~*~*~tactically~*~*~ (stealth).
  3935 | D:4      | 3935 ||| Stepping ~*~*~tactically~*~*~ (hiding).
  4146 | D:4      | Found a sand-covered staircase.
  4147 | D:4      | 4147 ||| DRINKING 2 sapphire potions.
  4148 | D:4      | 4148 ||| DROPPING potion of brilliance.
  4161 | Ossuary  | Entered an ossuary
  4161 | Ossuary  | Noticed a wraith
  4161 | Ossuary  | Noticed a wraith
  4161 | Ossuary  | Noticed a wraith
  4535 | Ossuary  | Reached XP level 6. HP: 24/35 MP: 10/10
  4770 | Ossuary  | Noticed a wraith
  4782 | Ossuary  | HP: 2/35 [wraith (7)]
  4783 | Ossuary  | 4783 ||| READING 2 scrolls of teleportation.
  5016 | Ossuary  | HP: 6/35 [wraith (4)]
  5017 | Ossuary  | 5017 ||| READING scroll of teleportation.
  5083 | Ossuary  | 5083 ||| Stepping ~*~*~tactically~*~*~ (stealth).
  5093 | Ossuary  | HP: 6/35 [wraith (3)]
  5095 | Ossuary  | HP: 1/35 [wraith (3)]
  5100 | Ossuary  | Killed a wraith
  5101 | Ossuary  | Reached skill level 7 in Axes
  5414 | Ossuary  | 5414 ||| READING 2 scrolls labelled JULUORIRITS.
  5415 | Ossuary  | 5415 ||| READING scroll labelled POAWO CETWECS.
  5416 | Ossuary  | 5416 ||| READING scroll labelled PORPHY ISMY BAU.
  5417 | Ossuary  | 5417 ||| DRINKING 2 bubbling silvery potions.
  5468 | Ossuary  | 5468 ||| DRINKING 2 sedimented inky potions.
  5469 | Ossuary  | 5469 ||| DRINKING 3 ruby potions.
  5470 | Ossuary  | 5470 ||| DROPPING potion of lignification.
  5471 | Ossuary  | 5471 ||| DROPPING potion of flight.
  5472 | Ossuary  | 5472 ||| DROPPING scroll of vulnerability.
  5473 | Ossuary  | 5473 ||| DROPPING 2 potions of degeneration.
  5506 | D:4      | 5506 ||| PLANNING D:1-11
  5506 | D:4      | 5506 ||| Stepping randomly (stuck).
  5538 | D:5      | Entered Level 5 of the Dungeon
  5629 | D:5      | Reached XP level 7. HP: 37/40 MP: 11/11
  5659 | D:5      | Reached skill level 3 in Fighting
  5682 | D:5      | Reached skill level 8 in Axes
  5904 | D:5      | Identified the +8 rapier of the Writhing Scavenger {drain,
                  | Fragile Will+++}
  6183 | D:5      | 6183 ||| Stepping ~*~*~tactically~*~*~ (stealth).
  6189 | D:5      | Reached skill level 9 in Axes
  6443 | D:5      | 6443 ||| UPGRADING to amulet of guardian spirit.
  6448 | D:5      | 6448 ||| READING scroll labelled OGOZOPLIKIC.
  6549 | D:5      | 6549 ||| READING 2 scrolls of identify.
  6549 | D:5      | 6549 ||| IDENTIFYING silvery potion
  6606 | D:6      | 6606 ||| Stepping ~*~*~tactically~*~*~ (stealth).
  6607 | D:6      | 6607 ||| Stepping ~*~*~tactically~*~*~ (stealth).
  6616 | D:6      | Reached XP level 8. HP: 48/48 MP: 12/12
  6680 | D:6      | Reached skill level 3 in Dodging
  6832 | D:6      | 6832 ||| Stepping ~*~*~tactically~*~*~ (hiding).
  6833 | D:6      | 6833 ||| Stepping ~*~*~tactically~*~*~ (hiding).
  6910 | D:6      | 6910 ||| Stepping ~*~*~tactically~*~*~ (hiding).
  7031 | D:6      | Noticed an unseen horror
  7053 | D:6      | Killed an unseen horror
  7246 | D:6      | Noticed a two-headed ogre
  7253 | D:6      | HP: 12/48 [two-headed ogre/+0 giant club (10)]
  7254 | D:6      | 7254 ||| DRINKING potion of heal wounds.
  7255 | D:6      | Killed a two-headed ogre
  7256 | D:6      | Reached skill level 11 in Axes
  7256 | D:6      | Reached XP level 9. HP: 30/52 MP: 4/13
  7439 | D:6      | Noticed Grinder
  7453 | D:6      | Killed Grinder
  7838 | D:6      | Found a runed translucent door.
  7838 | D:6      | Noticed qw's ghost (novice TeWr)
  7941 | D:6      | 7941 ||| UPGRADING to +0 buckler.
  7946 | D:6      | 7946 ||| UPGRADING to +0 plate armour.
  7956 | D:6      | 7956 ||| DROPPING +0 scale mail.
  7957 | D:6      | 7957 ||| DROPPING orb of wrath.
  7987 | D:7      | Found a staircase to the Ecumenical Temple.
  7988 | D:7      | 7988 ||| PLANNING TEMPLE
  7992 | Temple   | Entered the Ecumenical Temple
  8041 | Temple   | Became a worshipper of Warmaster Okawaru
  8042 | Temple   | 8042 ||| REMOVING amulet of guardian spirit.
  8129 | Temple   | 8129 ||| PLANNING D:1-11
  8129 | Temple   | 8129 ||| DROPPING amulet of guardian spirit.
  8130 | Temple   | 8130 ||| UPGRADING to amulet of regeneration.
  8180 | D:7      | Reached skill level 1 in Shields
  8193 | D:7      | HP: 5/52 [orc warrior/+0 battleaxe (11)]
  8270 | D:7      | Reached skill level 3 in Armour
  8290 | D:7      | 8290 ||| Stepping ~*~*~tactically~*~*~ (stealth).
  8317 | D:7      | 8317 ||| Stepping ~*~*~tactically~*~*~ (stealth).
  8348 | D:7      | 8348 ||| FLEEEEING.
  8349 | D:7      | 8349 ||| FLEEEEING.
  8359 | D:7      | 8359 ||| STAIRDANCE
  8396 | D:6      | 8396 ||| READING 2 scrolls of identify.
  8396 | D:6      | 8396 ||| IDENTIFYING orange potion
  8571 | D:7      | HP: 10/50 [steam dragon] (12)]
  8571 | D:7      | HP: 3/50 [wight/+0 battleaxe (8)]
  8571 | D:7      | HP: 1/49 [wight/+0 battleaxe (2)]
  8571 | D:7      | Slain by a wight

Levels and vault maps discovered:
D:1:      saegor_arrival_simple_d, layout_basic
D:2:      layout_rooms, serial_shops, nicolae_shop_bloodbath_and_beyond,
          st_stairs_9, grunt_ministairs_10, uniq_terence
D:3:      layout_loops_cross, basic_ecumenical_altar
D:4:      layout_gridville, mainiacjoe_overflow_big_doors,
          nicolae_ossuary_entry_monument
D:5:      layout_layer_cave
D:6:      layout_basic, hellmonk_ghost_happy_afterlife, minmay_three_doors,
          uniq_grinder
D:7:      layout_gridville, minmay_temple_entry_trees, serial_shops, shop_coins,
          kennysheep_generic_room_5
Temple:   minmay_temple_bridge_d

Skill      XL: |  1  2  3  4  5  6  7  8  9 |
---------------+----------------------------+-----
Axes           | 3 4 5 6 7 9 11 | 11.6
Fighting       | 4 |  4.7
Dodging        | 3 4 |  4.5
Armour         | 2 4 |  4.0
Shields        | 2 |  2.7
Throwing       | |  1.0
Spellcasting   | |  2.0
Translocations | |  2.4

Action                   |  1- 3 |  4- 6 |  7- 9 || total
-------------------------+-------+-------+-------++-------
Melee: Hand axe          |    60 |   176 |   142 ||   378
       Kick              |    18 |    58 |    55 ||   131
       Peck              |     7 |    28 |    31 ||    66
       Punch             |       |     1 |     2 ||     3
Throw: Boomerang         |     7 |    26 |    33 ||    66
  Use: Scroll            |     5 |     9 |     3 ||    17
       Potion            |       |     4 |     1 ||     5
Armor: Leather armour    |    13 |       |       ||    13
       Ring mail         |     3 |    11 |       ||    14
       Scale mail        |       |    33 |    14 ||    47
       Plate armour      |       |       |    17 ||    17
Dodge: Dodged            |    16 |    78 |    66 ||   160
Block: Buckler           |       |       |     8 ||     8

Table legend:
 A = Non-vault XP
 B = Vault XP
 C = Vault XP percentage of total XP
 D = Non-vault monster count
 E = Vault monster count
 F = Vault count percentage of total count
                 A         B        C        D         E       F
            +---------+---------+-------+---------+---------+-------
      Total |    1865 |    1938 |  51.0 |     116 |      23 |  16.5
            +---------+---------+-------+---------+---------+-------
        D:1 |      56 |       0 |   0.0 |      31 |       0 |   0.0
        D:2 |      42 |      42 |  50.0 |      16 |       4 |  20.0
        D:3 |      46 |       0 |   0.0 |      17 |       0 |   0.0
        D:4 |     102 |       0 |   0.0 |      19 |       0 |   0.0
        D:5 |     581 |       0 |   0.0 |      11 |       0 |   0.0
        D:6 |     395 |    1623 |  80.4 |       5 |       4 |  44.4
        D:7 |     643 |       0 |   0.0 |      17 |       0 |   0.0
    Ossuary |       0 |     273 | 100.0 |       0 |      15 | 100.0
            +---------+---------+-------+---------+---------+-------
